 Dungeon Crawl Stone Soup version 0.19.0-19-g8c6edcc (webtiles) character file.

87309 HungrySpirit the Executioner (level 15, -23/145 HPs)
             Began as a Hill Orc Wanderer on Nov 14, 2016.
             Was the Champion of Jiyva.
             Killed from afar by a ghostly deep elf death mage (39 damage)
             ... with a bolt of negative energy
             ... on level 1 of the Elven Halls.
             The game lasted 00:54:22 (28409 turns).

HungrySpirit the Executioner (Hill Orc Wanderer)   Turns: 28409, Time: 00:54:22

Health: -23/145    AC: 24    Str: 35    XL:     15   Next: 46%
Magic:  12/15      EV: 10    Int: 10    God:    Jiyva [******]
Gold:   277        SH:  0    Dex: 11    Spells: 0 memorised, 14 levels left

rFire  . . .     SeeInvis .     v - +1 battleaxe (freeze)
rCold  + . .     Gourm    .     U - +4 plate armour of the Journeyman {-Cast +Fly rC+ Int+4}
rNeg   . . .     Faith    .     (shield currently unavailable)
rPois  .         Spirit   .     N - +1 hat {Int+3}
rElec  .         Reflect  .     t - +0 cloak
rCorr  +         Harm     .     G - +0 pair of fencer's gloves {+Riposte Dex+3}
MR     ++...     NoCast   +     x - +1 pair of boots
Stlth  ..........               (no amulet)
                                m - ring of protection from magic
                                y - +1 ring of evasion

@: slimy, very slightly contaminated, heavily drained
A: rugged brown scales 1, thin metallic scales 1, agile 1, dopey 1, strong 1,
gelatinous body 1, pseudopods 1, jelly sensing items, jelly absorbing missiles,
no device heal 1
a: Request Jelly, Slimify, Cure Bad Mutation, Renounce Religion, Evoke Flight
}: 1/15 runes: slimy


You were on level 1 of the Elven Halls.
You worshipped Jiyva.
Jiyva was exalted by your worship.
You were completely stuffed.

You visited 6 branches of the dungeon, and saw 26 of its levels.
You also visited: Volcano.

You collected 1161 gold pieces.
You spent 884 gold pieces at shops.

Inventory:

Hand Weapons
 v - a +1 battleaxe of freezing (weapon)
 E - a +1 war axe
 I - a +0 battleaxe
 M - a +0 scimitar of flaming
 Y - a +0 executioner's axe
Missiles
 l - 2 throwing nets (quivered)
Armour
 t - a +0 cloak (worn)
 x - a +1 pair of boots (worn)
 G - the +0 pair of fencer's gloves (worn) {+Riposte Dex+3}
   (You acquired it on level 5 of the Lair of Beasts)

   It affects your dexterity (+3).
 N - a +1 hat of intelligence (worn)
 U - the +4 plate armour of the Journeyman (worn) {-Cast +Fly rC+ Int+4}
   (You found it on level 5 of the Lair of Beasts)

   It affects your intelligence (+4).
   It protects you from cold.
   It lets you fly.
   It prevents spellcasting.
Jewellery
 m - a ring of protection from magic (right hand)
 y - a +1 ring of evasion (left hand)
 C - an uncursed ring of protection from magic
Wands
 o - a wand of lightning (4/15)
 p - a wand of hasting (3/9)
 B - a wand of lightning (9/15)
 L - a wand of teleportation (7/9)
 P - a wand of disintegration (14/24)
 Q - a wand of acid (6/15)
Scrolls
 c - 7 scrolls of teleportation
 e - 2 scrolls of magic mapping
 h - 4 scrolls of fog
 j - 2 scrolls of enchant weapon
 k - a scroll of enchant armour
 r - 5 scrolls of recharging
 J - 7 scrolls of remove curse
 K - a scroll of fear
Potions
 a - a potion of cancellation
 b - 2 potions of haste
 g - 4 potions of brilliance
 n - 5 potions of flight
 q - 3 potions of agility
 s - 7 potions of curing
 z - a potion of magic
 A - 3 potions of might
 F - 2 potions of cure mutation
 H - a potion of ambrosia
 S - a potion of berserk rage {unknown}
 T - a potion of resistance {unknown}
Miscellaneous
 w - a fan of gales
 O - a phantom mirror
Comestibles
 d - 9 meat rations
 f - 6 bread rations
 i - a slice of pizza
 u - 8 royal jellies
 R - 4 fruits


   Skills:
 + Level 15.5(14.0) Fighting
   Level 3.5(2.3) Short Blades
 * Level 22.6(20.8) Axes
   Level 1.1(11.9) Polearms
   Level 1.7(0.6) Crossbows
 + Level 12.9(11.4) Armour
 - Level 1.0(0.0) Dodging
 - Level 1.0(0.0) Stealth
   Level 4.6(3.4) Shields


You had 14 spell levels left.
You didn't know any spells.

Dungeon Overview and Level Annotations

Branches:
Dungeon (11/15)            Temple (1/1) D:6            Lair (6/6) D:11
  Snake (0/4) Lair:2        Slime (5/5) Lair:5          Orc (2/2) D:10
    Elf (1/3) Orc:2
  Swamp: Lair:2-4    Shoals: Lair:2-4

Altars:
Ashenzari
Cheibriados
Dithmenos
Elyvilon
Fedhas
Gozag
Hepliaklqana
Kikubaaqudgha
Makhleb
Nemelex Xobeh
Okawaru
Qazlal
Ru
Sif Muna
Trog
Uskayaw
Vehumet
Xom
Yredelemnul
Zin
The Shining One
Beogh
Jiyva

Shops:
Orc:2 ==!*((!?:

Annotations:
D:6 Nordron's ghost, novice OpTm
Lair:3 exclusion: oklob plant
Lair:4 Snorg
Slime:5 Royal Jelly


Innate Abilities, Weirdness & Mutations

You are partially covered in rugged brown scales. (AC +1, +3% HP)
You are partially covered in thin metallic scales. (AC +2)
You are agile. (Dex +2)
You are dopey. (Int -2)
Your muscles are strong. (Str +2)
Your rubbery body absorbs attacks. (AC +1, EV +1)
Armour fits poorly on your pseudopods.
You have a small jelly attached to you that senses nearby items.
You have a small jelly attached to you that may absorb incoming projectiles.
Potions and wands are less effective at restoring your health.


Message History

The ghostly deep elf death mage barely misses you.
The mace of crushing completely misses you.
You closely miss the ghostly deep elf death mage.
The ghostly deep elf death mage is heavily damaged.
You closely miss the mace of crushing.
The mace of crushing hits you but does no damage.
The ghostly deep elf death mage closely misses you.
Unknown command.
You closely miss the ghostly deep elf death mage.
The ghostly deep elf death mage is heavily damaged.
You miss the mace of crushing.
The mace of crushing hits you but does no damage.
Unknown command.
You miss the ghostly deep elf death mage.
The ghostly deep elf death mage is heavily damaged.
You slice the mace of crushing!!
The mace of crushing falls from the air.
The ghostly deep elf death mage casts a spell at you.
The bolt of negative energy hits you!
You feel drained.
You die...

#..####..#...## ##....(.
.....J.#..#...# #.....#
J.#.########...#####
##§.... ###.
###...........# #§##e#
##...............##.....
#.................#e....
####.....8.....#########
######)..#####
#<..e@........
######...#####
####.....8.....# ∆
#...............
##..............
###...........#
#####...##### #......#
..##...#


You could see a ghostly deep elf death mage.

Vanquished Creatures
  Gastronok (Lair:3)
  The ghost of C0ssack the Warrior, an adept MiBe of Trog (Elf:1)
  An orc warlord (Orc:2)
  Harold (Lair:3)
  Erolcha (D:9)
  A hydra (Lair:3)
  A catoblepas (Lair:5)
  Erica (D:9)
  A dancing weapon (Elf:1)
  3 ogre magi (Orc:2)
  3 death yaks (Lair:4)
  3 deep elf knights (Elf:1)
  An orc high priest (Elf:1)
  Nergalle (Lair:3)
  2 skeletal warriors (Volcano)
  3 deep elf archers (Elf:1)
  2 hill giants (D:11)
  A necromancer (Lair:5)
  3 orc knights (Orc:2)
  An ugly thing (D:10)
  17 deep elf magi (Elf:1)
  2 cyclopes
  7 orc sorcerers (Orc:2)
  A manticore (D:11)
  3 black mambas
  Maurice (Orc:1)
  A centaur zombie (D:10)
  4 elephants (Lair:6)
  7 spiny frogs
  4 gargoyles
  3 rime drakes
  6 komodo dragons
  2 trolls
  3 two-headed ogres
  13 blink frogs
  5 polar bears
  A harpy skeleton (Volcano)
  3 hornets (Lair:6)
  13 dream sheep
  10 hippogriffs
  12 spriggans (Lair:6)
  An alligator skeleton (Volcano)
  2 flying skulls (Volcano)
  A redback (Lair:6)
  3 wyverns
  38 yaks
  A wraith (D:11)
  3 basilisks
  3 fire bats (Lair:6)
  Grum (D:10)
  A hungry ghost (D:10)
  4 nagas (Lair:2)
  7 water moccasins
  5 wargs
  2 porcupines
  Duvessa (D:6)
  4 sky beasts
  5 ice beasts
  The ghost of HungrySpirit the Skirmisher, an amateur HOWn (D:3)
  3 black bears
  17 orc warriors
  2 phantoms
  40 wolves
  3 boggarts (Lair:6)
  15 ogres
  16 crocodiles
  3 centaurs
  Blork the orc (D:5)
  3 big kobolds
  11 bullfrogs
  A gnoll sergeant (Orc:2)
  A water moccasin skeleton (D:9)
  Dowan (D:6)
  5 scorpions
  3 wights (D:11)
  An electric eel (D:10)
  2 troll skeletons (Volcano)
  A spriggan skeleton (Volcano)
  A crimson imp (D:11)
  A gnoll shaman (D:7)
  9 hounds
  3 bullfrog zombies
  6 jellies
  2 bullfrog skeletons
  4 centaur skeletons
  14 orc priests
  Crazy Yiuf (D:2)
  4 iguanas
  43 orc wizards
  Terence (D:2)
  7 worker ants
  A polar bear simulacrum (Lair:5)
  A wolf simulacrum (Lair:5)
  4 yak simulacra (Lair:5)
  2 hound zombies (D:8)
  A hound skeleton (D:9)
  6 worker ant zombies
  14 adders
  5 gnolls
  A shadow imp (D:6)
  8 oozes
  2 adder skeletons
  2 dart slugs
  4 worms
  5 leopard geckos
  91 orcs
  2 ball pythons
  9 bats
  7 giant cockroaches
  9 goblins
  7 hobgoblins
  11 jackals
  27 kobolds
  3 quokkas
  5 frilled lizards
  4 rats
  5 river rat simulacra (Lair:5)
  A butterfly (D:9)
  5 fungi
  3 plants
703 creatures vanquished.

Vanquished Creatures (others)
  A great orb of eyes (Slime:5)
  A glowing orange brain (Slime:5)
  The ghost of Mlkhall the Magician, a novice DECj of Vehumet (D:4)
  3 slime creatures (Slime:5)
  2 hippogriffs
  2 spriggans (Lair:6)
  A water elemental (Elf:1)
  2 orc warriors
  65 jellies
  5 orc wizards
  A gnoll (Orc:2)
  11 orcs (Orc:2)
  A bush (Lair:3)
  3 butterflies (Lair:6)
  A fulminant prism (D:4)
  8 fungi
  6 plants
114 creatures vanquished.

Grand Total: 817 creatures vanquished

Notes
Turn   | Place    | Note
-------+----------+-------------------------------------------
     0 | D:1      | HungrySpirit the Hill Orc Wanderer began the quest for the Orb.
     0 | D:1      | HungrySpirit set off with: a +2 hand crossbow, 19 bolts, a scroll of teleportation, a potion of lignification, a +0 robe, a bread ration
     0 | D:1      | Reached XP level 1. HP: 19/19 MP: 1/1
   312 | D:1      | Reached XP level 2. HP: 26/27 MP: 2/2
   472 | D:1      | Reached skill level 1 in Short Blades
   936 | D:2      | Found a shadowy altar of Dithmenos.
   944 | D:2      | Reached XP level 3. HP: 31/34 MP: 3/3
  1339 | D:2      | Reached skill level 5 in Fighting
  1514 | D:2      | Noticed Terence
  1529 | D:2      | Reached XP level 4. HP: 38/42 MP: 4/4
  1548 | D:2      | Killed Terence
  2010 | D:2      | Reached XP level 5. HP: 48/50 MP: 5/5
  2273 | D:2      | Found a runed door.
  2277 | D:2      | Noticed Crazy Yiuf
  2306 | D:2      | Killed Crazy Yiuf
  2653 | D:3      | Found a basalt altar of Yredelemnul.
  2659 | D:3      | Noticed HungrySpirit's ghost (amateur HOWn)
  2662 | D:3      | Found a glowing golden altar of the Shining One.
  2664 | D:3      | Noticed an angel
  2709 | D:3      | Killed HungrySpirit's ghost
  2709 | D:3      | Reached XP level 6. HP: 59/60 MP: 6/6
  2902 | D:3      | Found a bloodstained altar of Trog.
  3692 | D:3      | Found a blossoming altar of Fedhas.
  3900 | D:4      | Reached skill level 1 in Axes
  4002 | D:4      | Reached skill level 2 in Axes
  4070 | D:4      | Reached XP level 7. HP: 53/66 MP: 7/7
  4243 | D:4      | Reached skill level 3 in Axes
  4304 | D:4      | Noticed Mlkhall's ghost (novice DECj)
  4318 | D:4      | Killed Mlkhall's ghost
  4369 | D:4      | Found an opulent altar of Gozag.
  4391 | D:4      | Found a radiant altar of Vehumet.
  4735 | D:5      | Entered Level 5 of the Dungeon
  4814 | D:5      | Reached skill level 4 in Axes
  4960 | D:5      | Reached skill level 5 in Axes
  5143 | D:5      | Reached skill level 6 in Axes
  5328 | D:5      | Reached skill level 7 in Axes
  5328 | D:5      | Reached XP level 8. HP: 48/73 MP: 8/8
  5878 | D:5      | Reached skill level 8 in Axes
  6183 | D:6      | Reached skill level 9 in Axes
  6486 | D:6      | Noticed Duvessa
  6486 | D:6      | Noticed Dowan
  6486 | D:6      | Noticed Nordron's ghost (novice OpTm)
  6574 | D:6      | Noticed Blork the orc
  6593 | D:5      | Reached skill level 10 in Axes
  6844 | D:5      | Killed Blork the orc
  6866 | D:6      | Found a staircase to the Ecumenical Temple.
  6944 | D:6      | Reached skill level 11 in Axes
  7029 | D:6      | Killed Dowan
  7029 | D:6      | Reached XP level 9. HP: 49/79 MP: 9/9
  7258 | Temple   | Entered the Ecumenical Temple
  7630 | D:6      | Killed Duvessa
  8482 | D:7      | Reached skill level 12 in Axes
  8889 | D:7      | Reached skill level 1 in Armour
 10171 | D:8      | Noticed a two-headed ogre
 10565 | D:8      | Reached skill level 13 in Axes
 11113 | D:8      | Found a sparkling altar of Nemelex Xobeh.
 11187 | D:8      | Killed a two-headed ogre
 11214 | D:8      | Reached XP level 10. HP: 90/90 MP: 10/10
 12046 | D:9      | Found a hide-covered altar of Uskayaw.
 12108 | D:9      | Found a shimmering altar of Xom.
 12113 | D:9      | Reached skill level 14 in Axes
 12402 | D:9      | Gained mutation: You are agile. (Dex +2) [mutagenic meat]
 12946 | D:9      | Noticed Erica
 12965 | D:9      | Killed Erica
 12965 | D:9      | Reached skill level 5 in Armour
 13138 | D:9      | Noticed Erolcha
 13150 | D:9      | Killed Erolcha
 13150 | D:9      | Reached skill level 15 in Axes
 13455 | D:9      | Reached skill level 10 in Fighting
 13816 | D:10     | Entered Level 10 of the Dungeon
 13823 | D:10     | Reached XP level 11. HP: 97/99 MP: 11/11
 13939 | D:10     | Gained mutation: Your flesh is cold resistant. (rC+) [mutagenic meat]
 13940 | D:10     | Gained mutation: You are robust. (+10% HP) [mutagenic meat]
 14163 | D:10     | Noticed Grum
 14266 | D:10     | Noticed a green ugly thing
 14284 | D:10     | Killed a green ugly thing
 14703 | D:10     | Reached skill level 16 in Axes
 14731 | D:10     | Killed Grum
 15118 | D:11     | Found a staircase to the Lair.
 15120 | D:11     | Noticed a hill giant
 15146 | D:11     | Killed a hill giant
 15279 | D:11     | Noticed a hill giant
 15541 | D:11     | Killed a hill giant
 15843 | D:11     | Noticed a cyclops
 15868 | D:11     | Killed a cyclops
 16790 | D:11     | Noticed a manticore
 16794 | D:11     | Killed a manticore
 17062 | Lair:1   | Entered Level 1 of the Lair of Beasts
 17306 | Lair:1   | Reached skill level 17 in Axes
 17310 | Lair:1   | Reached XP level 12. HP: 112/121 MP: 12/12
 18689 | Lair:2   | Found a staircase to the Snake Pit.
 19264 | Lair:3   | Noticed Nergalle
 19280 | Lair:3   | Killed Nergalle
 19387 | Lair:3   | Noticed Harold
 19401 | Lair:3   | Killed Harold
 19401 | Lair:3   | Reached skill level 18 in Axes
 19961 | Lair:3   | Noticed a seven-headed hydra
 20219 | Lair:3   | Noticed a four-headed hydra
 20227 | Lair:3   | Killed a five-headed hydra
 20235 | Lair:3   | Noticed Gastronok
 20252 | Lair:3   | Killed Gastronok
 20252 | Lair:3   | Reached XP level 13. HP: 44/130 MP: 13/13
 20582 | Lair:4   | Reached skill level 19 in Axes
 20867 | Lair:4   | Reached skill level 10 in Armour
 21313 | Lair:4   | Noticed Snorg
 22202 | Lair:5   | Identified a scroll of acquirement
 22217 | Lair:5   | Found a viscous altar of Jiyva.
 22217 | Lair:5   | Found a staircase to the Slime Pits.
 22459 | Lair:5   | Became a worshipper of Jiyva Jeikoiq the Shapeless
 23063 | Lair:5   | Reached * piety under Jiyva
 23096 | Lair:5   | Got an encrusted plate armour
 23097 | Lair:5   | Identified the +4 plate armour of the Journeyman {-Cast +Fly rC+ Int+4} (You found it on level 5 of the Lair of Beasts)
 23134 | Lair:6   | Entered Level 6 of the Lair of Beasts
 23381 | Lair:6   | Reached ** piety under Jiyva
 23403 | Lair:6   | Reached skill level 20 in Axes
 23460 | Lair:6   | Got a smoking robe
 23498 | Lair:6   | Found a dark tunnel.
 23557 | Volcano  | Entered a volcano
 23857 | Volcano  | Reached XP level 14. HP: 71/143 MP: 14/14
 24266 | Lair:6   | Reached *** piety under Jiyva
 24270 | Lair:6   | Gained mutation: You are partially covered in rugged brown scales. (AC +1, +3% HP) [Jiyva's grace]
 24348 | Lair:6   | Gained mutation: You can translocate small distances at will. [Jiyva's grace]
 24350 | Lair:6   | Reached **** piety under Jiyva
 24496 | Lair:6   | Gained mutation: You have a small jelly attached to you that may absorb incoming projectiles. [Jiyva's grace]
 24559 | Lair:6   | Reached ***** piety under Jiyva
 24751 | Lair:6   | Reached skill level 21 in Axes
 24846 | Lair:6   | Lost mutation: Your flesh is cold resistant. (rC+) [Jiyva's grace]
 25203 | Lair:2   | Lost mutation: You are robust. (+10% HP) [Jiyva's grace]
 25403 | D:10     | Reached ****** piety under Jiyva
 25408 | D:10     | Lost mutation: You have a small jelly attached to you that may absorb incoming projectiles. [Jiyva's grace]
 25428 | D:10     | Lost mutation: You can translocate small distances at will. [Jiyva's grace]
 25507 | Lair:3   | Noticed an azure jelly
 25507 | Lair:3   | an eight-headed hydra changed into an azure jelly
 25576 | Slime:1  | Entered Level 1 of the Pits of Slime
 25581 | Slime:2  | Noticed an acid blob
 25584 | Slime:2  | Noticed an acid blob
 25596 | Slime:3  | Noticed an azure jelly
 25609 | Slime:5  | Entered Level 5 of the Pits of Slime
 25613 | Slime:5  | Noticed an acid blob
 25614 | Slime:5  | Noticed an azure jelly
 25618 | Slime:5  | Noticed an acid blob
 25618 | Slime:5  | Lost mutation: You are agile. (Dex +2) [Jiyva's grace]
 25620 | Slime:5  | Found a viscous altar of Jiyva.
 25620 | Slime:5  | Noticed an acid blob
 25620 | Slime:5  | Noticed an acid blob
 25621 | Slime:5  | Noticed the Royal Jelly
 25621 | Slime:5  | Noticed an acid blob
 25623 | Slime:5  | Gained mutation: You have a small jelly attached to you that senses nearby items. [Jiyva's grace]
 25625 | Slime:5  | Gained mutation: You can translocate small distances at will. [Jiyva's grace]
 25627 | Slime:5  | Got a shimmering crystal amulet
 25631 | Slime:5  | Gained mutation: Your muscles are strong. (Str +2) [Jiyva's grace]
 25636 | Slime:5  | Noticed an acid blob
 25637 | Slime:5  | Gained mutation: You have a small jelly attached to you that may absorb incoming projectiles. [Jiyva's grace]
 25645 | Slime:5  | Got a slimy rune of Zot
 25651 | Slime:5  | Noticed an acid blob
 25667 | Slime:5  | Identified the amulet of Ohuocw {RegenMP Dex+2} (You found it on level 5 of the Pits of Slime)
 25835 | D:11     | Gained mutation: You evolve. [Jiyva's grace]
 25889 | D:10     | Found a staircase to the Orcish Mines.
 25898 | Orc:1    | Entered Level 1 of the Orcish Mines
 25900 | Orc:1    | Noticed Maurice
 25906 | Orc:1    | Killed Maurice
 26084 | Orc:2    | Entered Level 2 of the Orcish Mines
 26084 | Orc:2    | Found Opnainis's Jewellery Shoppe.
 26109 | Orc:2    | Found Piuv's Distillery.
 26130 | Orc:2    | Bought a potion of agility for 52 gold pieces
 26242 | Orc:2    | Gained mutation: You are partially covered in thin metallic scales. (AC +2) [Jiyva's grace]
 26467 | Orc:1    | Found a deep blue altar of Sif Muna.
 26555 | Orc:2    | Lost mutation: You can translocate small distances at will. [Jiyva's grace]
 26585 | Orc:2    | Found a staircase to the Elven Halls.
 26607 | Orc:2    | Noticed an orc warlord
 26631 | Orc:2    | Gained mutation: You have a pair of small horns on your head. [Jiyva's grace]
 26636 | Orc:2    | Killed an orc warlord
 26717 | Orc:2    | Found Hasecuy's General Store.
 26735 | Orc:2    | Lost mutation: You have a pair of small horns on your head. [Jiyva's grace]
 26738 | Orc:2    | Found Xutheisk's Jewellery Shop.
 26764 | Orc:2    | Found Nixkuock's Weapon Boutique.
 26865 | Orc:2    | Gained mutation: You are agile. (Dex +2) [evolution]
 26865 | Orc:2    | Lost mutation: You evolve. [end of evolution]
 26920 | Orc:2    | Gained mutation: Armour fits poorly on your pseudopods. [Jiyva's grace]
 27068 | Orc:2    | Gained mutation: Potions and wands are less effective at restoring your health. [Jiyva's grace]
 27073 | Orc:2    | Found an ancient bone altar of Kikubaaqudgha.
 27105 | Orc:2    | Found Loclekh's Magic Scroll Shop.
 27113 | Orc:2    | Bought a scroll of acquirement for 832 gold pieces
 27117 | Orc:2    | Found a radiant altar of Vehumet.
 27121 | Orc:2    | Reached skill level 15 in Fighting
 27147 | Orc:2    | Gained mutation: You are very agile. (Dex +4) [Jiyva's grace]
 27154 | Orc:2    | Found Davelose's Book Boutique.
 27194 | Orc:2    | Found a roughly hewn altar of Beogh.
 27204 | Orc:2    | Reached XP level 15. HP: 140/145 MP: 15/15
 27205 | Orc:2    | Found Lisuj's Antique Weapon Boutique.
 27212 | Orc:2    | Gained mutation: Your rubbery body absorbs attacks. (AC +1, EV +1) [Jiyva's grace]
 27218 | Orc:2    | Found Joaboc's Distillery.
 27308 | Orc:2    | Reached skill level 22 in Axes
 27480 | Elf:1    | Entered Level 1 of the Elven Halls
 27756 | Elf:1    | Noticed C0ssack's ghost (adept MiBe)
 27971 | Orc:2    | Lost mutation: You are very agile. (Dex +4) [Jiyva's grace]
 28218 | Elf:1    | Killed C0ssack's ghost
 28286 | Elf:1    | Gained mutation: You are dopey. (Int -2) [Jiyva's grace]
 28409 | Elf:1    | Killed from afar by a ghostly deep elf death mage

Skill      XL: |  1  2  3  4  5  6  7  8  9 10 11 12 13 14 15 |
---------------+----------------------------------------------+-----
Fighting       | 4 5 7 8 10 11 12 13 15 | 15.5
Short Blades   | 1 2 3 |  3.5
Axes           | 2 7 11 13 15 17 18 20 21 22 | 22.6
Armour         | 3 5 7 9 10 12 | 12.9
Shields        | 4 |  4.6
Polearms       | |  1.1
Crossbows      | |  1.7
Dodging        | |  1.0
Stealth        | |  1.0

Action                   |  1- 3 |  4- 6 |  7- 9 | 10-12 | 13-15 || total
-------------------------+-------+-------+-------+-------+-------++-------
Melee: Short sword       |   130 |   243 |       |       |       ||   373
       Dagger            |       |    53 |   508 |       |       ||   561
       War axe           |       |       |    13 |   451 |       ||   464
       Hand axe          |       |       |   196 |    85 |       ||   281
       Battleaxe         |       |       |       |   277 |   896 ||  1173
       Pseudopods        |       |       |       |       |    54 ||    54
       Headbutt          |       |       |       |       |     3 ||     3
 Fire: Hand crossbow     |     7 |       |       |       |       ||     7
Invok: Request Jelly     |       |       |       |       |     4 ||     4
       Slimify           |       |       |       |       |     2 ||     2
Evoke: Wand              |       |       |     5 |    18 |     2 ||    25
  Use: Potion            |       |     2 |     3 |     1 |     5 ||    11
       Scroll            |       |       |    18 |     9 |     8 ||    35
 Stab: Paralysed         |       |       |    10 |       |       ||    10
  Eat: Chunk             |     2 |     7 |     9 |    28 |    11 ||    57
       Beef jerky        |       |     1 |     3 |       |       ||     4
       Fruit             |       |       |     2 |       |     3 ||     5
       Royal jelly       |       |       |     2 |     2 |       ||     4
       Bread ration      |       |       |     1 |       |       ||     1
       Pizza             |       |       |       |     1 |       ||     1
Armor: Ring mail         |    64 |    68 |   220 |   154 |       ||   506
       Robe              |     1 |       |       |       |       ||     1
       Skin              |       |    35 |       |       |       ||    35
       Plate armour      |       |       |       |   106 |   461 ||   567
Dodge: Dodged            |    95 |   131 |   314 |   297 |   299 ||  1136
       Rpst.: Battleaxe  |       |       |       |       |    63 ||    63
